 Dungeon Crawl Stone Soup version 0.27-a0-379-g34d631faf5 (console) character file.

Game seed: 11196759939929213253

56 Garrluk the Slasher (level 4, -1/35 HPs)
             Began as a Formicid Fighter on Feb 17, 2021.
             Slain by a hobgoblin (3 damage)
             ... on level 3 of the Dungeon.
             The game lasted 00:03:21 (415 turns).

Garrluk the Slasher (Formicid Fighter)               Turns: 415, Time: 00:03:22

Health: -1/35      AC:  6    Str: 21    XL:     4   Next: 15%
Magic:  4/4        EV:  7    Int:  8    God:
Gold:   57         SH:  9    Dex: 10    Spells: 3/3 levels left

rFire    . . .     SeeInvis +   a - +0 long sword
rCold    . . .     Faith    .   c - +0 kite shield
rNeg     . . .     Spirit   .   b - +0 scale mail
rPois    .         Reflect  .   (helmet unavailable)
rElec    .         Harm     .   (no cloak)
rCorr    .         Rampage  .   (no gloves)
Will     .....                  (no boots)
Stlth    ..........             h - amulet of magic regeneration
HPRegen  0.11/turn              (no ring)
MPRegen  0.34/turn              (no ring)

@: lethally poisoned (-1 -> -4)
A: permanent stasis, dig shafts and tunnels, four strong arms, antennae 3
a: Dig, Shaft Self


You were on level 3 of the Dungeon.
You visited 1 branch of the dungeon, and saw 3 of its levels.

You collected 57 gold pieces.

Notes
Turn   | Place    | Note
-------+----------+-------------------------------------------
     0 | D:1      | Garrluk the Formicid Fighter began the quest for the Orb.
     0 | D:1      | Reached XP level 1. HP: 18/18 MP: 1/1
   144 | D:1      | Reached XP level 2. HP: 24/24 MP: 2/2
   240 | D:1      | Reached skill level 3 in Long Blades
   281 | D:2      | Reached XP level 3. HP: 22/29 MP: 3/3
   398 | D:2      | Reached skill level 4 in Long Blades
   398 | D:2      | Reached XP level 4. HP: 9/35 MP: 4/4
   415 | D:3      | Slain by a hobgoblin

Inventory:

Hand Weapons
 a - a +0 long sword (weapon)
Armour
 b - a +0 scale mail (worn)
 c - a +0 kite shield (worn)
Jewellery
 h - an amulet of magic regeneration (around neck)
   (You found it on level 2 of the Dungeon)
Scrolls
 e - a scroll of magic mapping {unknown}
 f - a scroll of immolation {unknown}
 g - a scroll of teleportation {unknown}
 i - 2 scrolls of identify {unknown}
Potions
 d - a potion of might

Table legend: (Time is in decaauts)
 A = Elapsed time spent in this place.
 B = Non-inter-level travel time spent in this place.
 C = Inter-level travel time spent in this place.
 D = Time resting spent in this place.
 E = Time spent auto-exploring this place.
 F = Levels seen in this place.
 G = Mean time per level.
                   A        B        C        D        E       F      G
               +--------+--------+--------+--------+--------+-----+--------+
         Total |    450 |    450 |      0 |      0 |      0 |   3 |  150.0 |
       Dungeon |    450 |    450 |      0 |      0 |      0 |   3 |  150.0 |
               +--------+--------+--------+--------+--------+-----+--------+

Top non-repeatable levels by time:
     D:1: 278 daAuts
     D:2: 162 daAuts
     D:3: 9 daAuts


   Skills:
 - Level 3.2 Fighting
 * Level 4.1 Long Blades
 - Level 3.2 Armour
 - Level 3.6 Shields


You had 3 spell levels left.
You didn't know any spells.
Your spell library was empty.

Dungeon Overview and Level Annotations

Branches:
Dungeon (3/15)

Altars:


Innate Abilities, Weirdness & Mutations

You cannot be hasted, slowed, berserked, paralysed or teleported.
You can dig through walls and to a lower floor.
Your four strong arms can wield two-handed weapons with a shield.
You have a pair of large antennae on your head. (SInv)


Message History

You feel sick. You block the adder's attack.
You hit the adder.
You kill the adder!
* * * LOW HITPOINT WARNING * * *
You feel sick.
Your Long Blades skill increases to level 4!
You have reached level 4!
You feel clever.
Okay, then.
You open the door.
* * * LOW HITPOINT WARNING * * *
You feel sick.
* * * LOW HITPOINT WARNING * * *
You feel sick.
There is an open door here.
* * * LOW HITPOINT WARNING * * *
You feel sick.
* * * LOW HITPOINT WARNING * * *
You feel sick.
An ooze comes into view.
The ooze quivers.
There is a stone staircase leading down here.
* * * LOW HITPOINT WARNING * * *
You feel sick.
You climb downwards.
There is a stone staircase leading up here.
* * * LOW HITPOINT WARNING * * *
You feel sick.
* * * LOW HITPOINT WARNING * * *
You feel sick.
* * * LOW HITPOINT WARNING * * *
You feel sick.
A hobgoblin comes into view.
The hobgoblin shouts!
* * * LOW HITPOINT WARNING * * *
You feel sick.
The hobgoblin hits you but does no damage.
Your shield prevents you from hitting the hobgoblin.
You block the hobgoblin's attack. The hobgoblin hits you.
You die...

.## ..#
#.#
####.# ##
#..... .#
#.##.# .#
{
#.##.##.#
{
#.##<...#
#g####..#
#@####..#
#.......#
######.##
#.# #.#
#.# #.#
..# ##


You could see a hobgoblin.

Table legend:
 A = Kills in this place as a percentage of kills in entire the game.
 B = Kills by you in this place as a percentage of kills by you in the entire game.
 C = Kills by friends in this place as a percentage of kills by friends in the entire game.
 D = Other kills in this place as a percentage of other kills in the entire game.
 E = Experience gained in this place as a percentage of experience gained in the entire game.
 F = Experience gained in this place divided by the number of levels of this place that you have seen.
                   A       B       C       D       E      F
               +-------+-------+-------+-------+-------+----------------------
         Total | 100.0 | 100.0 |   N/A |   N/A | 100.0 |  26.7
       Dungeon | 100.0 | 100.0 |   N/A |   N/A | 100.0 |  26.7
               +-------+-------+-------+-------+-------+----------------------

Vanquished Creatures
  Monster Symbol All 'B'
  2 giant cockroaches (D:1)
2 creatures vanquished. All 'K' 2 kobolds (D:1)
2 creatures vanquished. All 'S' 3 adders (D:2) A ball python (D:2)
4 creatures vanquished. All 'b' 5 bats (D:1)
5 creatures vanquished. All 'g' 4 goblins
4 creatures vanquished. All 'l' 2 frilled lizards (D:1)
2 creatures vanquished. All 'o' 2 orcs (D:2)
2 creatures vanquished. All 'r' 4 rats
4 creatures vanquished. All 'w' 2 dart slugs (D:2)
2 creatures vanquished.
27 creatures vanquished. Monster Nature Natural Monsters 3 adders (D:2) 2 dart slugs (D:2) 2 orcs (D:2) A ball python (D:2) 2 giant cockroaches (D:1) 5 bats (D:1) 2 frilled lizards (D:1) 4 goblins 2 kobolds (D:1) 4 rats
27 creatures vanquished.
27 creatures vanquished. Ascending Order A ball python (D:2) 2 dart slugs (D:2) 2 orcs (D:2) 2 giant cockroaches (D:1) 2 kobolds (D:1) 2 frilled lizards (D:1) 3 adders (D:2) 4 goblins 4 rats 5 bats (D:1)
27 creatures vanquished.

Action                   |  1- 3 |  4- 6 || total
-------------------------+-------+-------++-------
Melee: Long sword        |    78 |     1 ||    79
 Abil: Dig               |     8 |       ||     8
Armor: Scale mail        |    34 |     1 ||    35
Dodge: Dodged            |    22 |       ||    22
Block: Kite shield       |    36 |     1 ||    37
       Rpst.: Long sword |     7 |       ||     7
